MLB
ATLANTA BRAVES @ SAN FRANCISCO GIANTS
06/05/2044
 
TOP OF THE 1ST
Atlanta Braves batting - Pitching for San Francisco Giants : RHP Ted Mosley
Pitching: RHP Ted Mosley
Batting: LHB Tom Best 0-0: Foul Ball, location: 2F
0-1: Called Strike
0-2: Ball
1-2: Strikes out swinging
Batting: RHB Butch Kaiser 0-0: Foul Ball, location: 2F
0-1: Swinging Strike
0-2: Strikes out swinging
Batting: LHB Seth Cook 0-0: Foul Ball, location: 2F
0-1: Called Strike
0-2: Foul Ball, location: 2F
0-2: Ground out 3-1 (Groundball, 3D, EV 88.8 MPH)
Top of the 1st over - 0 runs, 0 hits, 0 errors, 0 left on base; Atlanta 0 - San Francisco 0
BOTTOM OF THE 1ST
San Francisco Giants batting - Pitching for Atlanta Braves : RHP Victor Torres
Pitching: RHP Victor Torres
Batting: RHB Jason May 0-0: Ball
1-0: Ball
2-0: Ball
3-0: Called Strike
3-1: Foul Ball, location: 2F
3-2: Base on Balls
Batting: SHB Ryan Doss 0-0: Ball
Jason May steals 2nd base
1-0: Called Strike
1-1: Ball
2-1: Ball
3-1: Called Strike
3-2: Base on Balls
Batting: LHB Jack Henningar 0-0: Called Strike
0-1: SINGLE (Groundball, 15S, EV 66.3 MPH) (infield hit)
Jason May to third
Ryan Doss to second
Batting: LHB Willis Robles 0-0: Ball
1-0: Swinging Strike
1-1: Grounds into fielders choice 1-2 (Groundball, 34S, EV 71.3 MPH)
Ryan Doss to third
Jack Henningar to second
Batting: RHB Sean Zielinski 0-0: Ball
1-0: Ball
2-0: Called Strike
2-1: Foul Ball, location: 2F
2-2: Foul Ball, location: 2F
2-2: Foul Ball, location: 2F
2-2: Ball
3-2: SINGLE (Groundball, 6MD, EV 103.8 MPH)
Ryan Doss scores
Jack Henningar to third
Willis Robles to second
Runner from 3rd tries for Home, throw by CF and OUT! 8-2
Batting: RHB Jim Zucco 0-0: Called Strike
0-1: Ball
1-1: Swinging Strike
1-2: Reached on error, E6 (Groundball, 6, EV 85.6 MPH)
Willis Robles to third
Sean Zielinski to second
Batting: RHB Nick Rigden 0-0: Swinging Strike
0-1: SINGLE (Groundball, 6, EV 96.3 MPH)
Willis Robles scores
Sean Zielinski to third
Jim Zucco to second
Runner from 3rd tries for Home, SAFE, throw by CF to home
Batting: RHB Ray Llewellyn 0-0: Ball
1-0: Ball
2-0: Ball
3-0: Called Strike
3-1: Swinging Strike
3-2: Foul Ball, location: 2F
3-2: Foul Ball, location: 2F
3-2: Base on Balls
Jim Zucco to third
Nick Rigden to second
Batting: RHB Xavier Castellanos 0-0: Called Strike
0-1: Swinging Strike
0-2: Foul Ball, location: 2F
0-2: Ball
1-2: Foul Ball, location: 2F
1-2: Ground out 3-1 (Groundball, 34S, EV 85.0 MPH)
Bottom of the 1st over - 3 runs, 3 hits, 1 error, 3 left on base; Atlanta 0 - San Francisco 3
TOP OF THE 2ND
Atlanta Braves batting - Pitching for San Francisco Giants : RHP Ted Mosley
Batting: RHB Danny Miramontes 0-0: Called Strike
0-1: Ball
1-1: Fly out, F8 (Line Drive, 8RM, EV 106.3 MPH)
Batting: LHB Colin Worthington 0-0: Foul Ball, location: 2F
0-1: Ball
1-1: Fly out, F7 (Flyball, 78M, EV 80.0 MPH)
Batting: RHB Danny Anderson 0-0: Fly out, F7 (Line Drive, 7, EV 97.5 MPH)
Top of the 2nd over - 0 runs, 0 hits, 0 errors, 0 left on base; Atlanta 0 - San Francisco 3
BOTTOM OF THE 2ND
San Francisco Giants batting - Pitching for Atlanta Braves : RHP Victor Torres
Batting: RHB Jason May 0-0: Called Strike
0-1: Foul Ball, location: 2F
0-2: Foul Ball, location: 2F
0-2: Ball
1-2: Ball
2-2: Foul Ball, location: 2F
2-2: Foul Ball, location: 2F
2-2: Foul Ball, location: 2F
2-2: Foul Ball, location: 2F
2-2: Ball
3-2: SINGLE (Flyball, 4D, EV 92.5 MPH)
Batting: SHB Ryan Doss 0-0: Ball
1-0: Grounds into double play, 4-6-3 (Groundball, 4M, EV 105.6 MPH)
Batting: LHB Jack Henningar 0-0: Ground out U3 (Groundball, 34, EV 90.0 MPH)
Bottom of the 2nd over - 0 runs, 1 hit, 0 errors, 0 left on base; Atlanta 0 - San Francisco 3
TOP OF THE 3RD
Atlanta Braves batting - Pitching for San Francisco Giants : RHP Ted Mosley
Batting: RHB Kanehisa Kubo 0-0: Called Strike
0-1: Ball
1-1: Foul Ball, location: 2F
1-2: Strikes out swinging
Batting: RHB Liangde Li 0-0: Called Strike
0-1: Ball
1-1: Ball
2-1: Ball
3-1: Foul Ball, location: 2F
3-2: Base on Balls
Batting: RHB Tom Beckman 0-0: Ball
Liangde Li is caught stealing 2nd base 2-4
1-0: Called Strike
1-1: Ball
2-1: Foul Ball, location: 2F
2-2: Foul Ball, location: 2F
2-2: Foul Ball, location: 2F
2-2: Strikes out swinging
Top of the 3rd over - 0 runs, 0 hits, 0 errors, 0 left on base; Atlanta 0 - San Francisco 3
BOTTOM OF THE 3RD
San Francisco Giants batting - Pitching for Atlanta Braves : RHP Victor Torres
Batting: LHB Willis Robles 0-0: Called Strike
0-1: Ball
1-1: Ball
2-1: Ball
3-1: Base on Balls
Batting: RHB Sean Zielinski 0-0: Ball
1-0: Fly out, F7 (Flyball, 78XD, EV 97.5 MPH)
Batting: RHB Jim Zucco 0-0: Called Strike
0-1: Fly out, F8 (Flyball, 8RXD, EV 105.6 MPH)
Batting: RHB Nick Rigden 0-0: Ball
1-0: Ball
2-0: Foul Ball, location: 2F
2-1: Fielders Choice at 2nd, 5-4 (Groundball, 56, EV 87.5 MPH)
Bottom of the 3rd over - 0 runs, 0 hits, 0 errors, 1 left on base; Atlanta 0 - San Francisco 3
TOP OF THE 4TH
Atlanta Braves batting - Pitching for San Francisco Giants : RHP Ted Mosley
Batting: LHB Tom Best 0-0: Called Strike
0-1: Ball
1-1: Ball
2-1: Ball
3-1: Base on Balls
Batting: RHB Butch Kaiser 0-0: Called Strike
0-1: Ball
1-1: Ball
2-1: Ball
3-1: Foul Ball, location: 2F
3-2: Foul Ball, location: 2F
3-2: Fielders Choice at 2nd, 1-6 (Groundball, 34S, EV 68.8 MPH)
Batting: LHB Seth Cook 0-0: Ball
Butch Kaiser steals 2nd base
1-0: Ball
2-0: SINGLE (Groundball, 6MD, EV 80.0 MPH) (infield hit)
Butch Kaiser to third
Batting: RHB Danny Miramontes 0-0: Ball
1-0: Ball
2-0: Foul Ball, location: 2F
2-1: Foul Ball, location: 2F
2-2: Ball
3-2: Foul Ball, location: 2F
3-2: Fly out, F7 (Flyball, 78S, EV 86.9 MPH)
Batting: LHB Colin Worthington 0-0: Ball
1-0: Fly out, F4 (Popup, 4, EV 60.0 MPH)
Top of the 4th over - 0 runs, 1 hit, 0 errors, 2 left on base; Atlanta 0 - San Francisco 3
BOTTOM OF THE 4TH
San Francisco Giants batting - Pitching for Atlanta Braves : RHP Victor Torres
Batting: RHB Ray Llewellyn 0-0: Ball
1-0: Swinging Strike
1-1: Called Strike
1-2: Ball
2-2: Ball
3-2: Foul Ball, location: 2F
3-2: Base on Balls
Batting: RHB Xavier Castellanos 0-0: Ball
1-0: Ball
2-0: Ball
3-0: Called Strike
3-1: Fly out, F9 (Flyball, 9S, EV 76.9 MPH)
Batting: RHB Jason May 0-0: Ball
Ray Llewellyn steals 2nd base
1-0: Swinging Strike
1-1: Ball
2-1: Ball
3-1: Base on Balls
Batting: SHB Ryan Doss 0-0: Fielders Choice at 2nd, 3-6 (Groundball, 34S, EV 88.8 MPH)
Ray Llewellyn to third
Batting: LHB Jack Henningar 0-0: Ball
1-0: Foul Ball, location: 2F
1-1: Swinging Strike
1-2: Ball
2-2: Ball
3-2: Foul Ball, location: 2F
3-2: DOUBLE (Line Drive, 5D, EV 98.8 MPH)
Ray Llewellyn scores
Ryan Doss to third
Ryan Doss scores
Pitching: RHP Victor Munoz
Batting: LHB Willis Robles 0-0: Ball
1-0: Ball
2-0: SINGLE (Line Drive, 56D, EV 103.8 MPH)
Jack Henningar to third
Runner from 3rd tries for Home, SAFE, throw by LF to home
Batting: RHB Sean Zielinski 0-0: Ball
1-0: Called Strike
1-1: Ball
2-1: Fly out, F8 (Line Drive, 8LM, EV 103.1 MPH)
Bottom of the 4th over - 3 runs, 2 hits, 0 errors, 1 left on base; Atlanta 0 - San Francisco 6
TOP OF THE 5TH
Atlanta Braves batting - Pitching for San Francisco Giants : RHP Ted Mosley
Batting: RHB Danny Anderson 0-0: Ball
1-0: Swinging Strike
1-1: Called Strike
1-2: Fly out, F6 (Flyball, 6MD, EV 93.8 MPH)
Batting: RHB Kanehisa Kubo 0-0: Called Strike
0-1: Swinging Strike
0-2: Ball
1-2: Ball
2-2: Strikes out swinging
Batting: RHB Liangde Li 0-0: Ball
1-0: Ground out 4-3 (Groundball, 4, EV 83.1 MPH)
Top of the 5th over - 0 runs, 0 hits, 0 errors, 0 left on base; Atlanta 0 - San Francisco 6
BOTTOM OF THE 5TH
San Francisco Giants batting - Pitching for Atlanta Braves : RHP Victor Munoz
Batting: RHB Jim Zucco 0-0: Foul Ball, location: 2F
0-1: Foul Ball, location: 2F
0-2: Ball
1-2: SOLO HOME RUN (Flyball, 8RXD, EV 102.5 MPH), Distance : 407 ft
Batting: RHB Nick Rigden 0-0: Ball
1-0: Foul Ball, location: 2F
1-1: Ball
2-1: Fly out, F3 (Line Drive, 3, EV 71.3 MPH)
Batting: RHB Ray Llewellyn 0-0: Called Strike
0-1: Swinging Strike
0-2: Strikes out looking
Batting: RHB Xavier Castellanos 0-0: Ball
1-0: Called Strike
1-1: Ball
2-1: Ball
3-1: Fly out, F7 (Flyball, 7D, EV 102.5 MPH)
Bottom of the 5th over - 1 run, 1 hit, 0 errors, 0 left on base; Atlanta 0 - San Francisco 7
TOP OF THE 6TH
Atlanta Braves batting - Pitching for San Francisco Giants : RHP Ted Mosley
Batting: RHB Tom Beckman 0-0: Foul Ball, location: 2F
0-1: Ground out 6-3 (Groundball, 6, EV 78.8 MPH)
Batting: LHB Tom Best 0-0: Called Strike
0-1: Ball
1-1: Ball
2-1: Swinging Strike
2-2: Foul Ball, location: 2F
2-2: Strikes out swinging
Batting: RHB Butch Kaiser 0-0: Called Strike
0-1: Swinging Strike
0-2: Fly out, F7 (Flyball, 7S, EV 81.3 MPH)
Top of the 6th over - 0 runs, 0 hits, 0 errors, 0 left on base; Atlanta 0 - San Francisco 7
BOTTOM OF THE 6TH
San Francisco Giants batting - Pitching for Atlanta Braves : RHP Victor Munoz
Batting: RHB Jason May 0-0: Ball
1-0: Ball
2-0: Called Strike
2-1: Foul Ball, location: 2F
2-2: Strikes out swinging
Batting: SHB Ryan Doss 0-0: Foul Ball, location: 2F
0-1: Ball
1-1: Ball
2-1: Reached via error on a dropped throw from 1B, E1 (Groundball, 34, EV 103.8 MPH)
Batting: LHB Jack Henningar 0-0: Ball
1-0: Foul Ball, location: 2F
1-1: Ground out 4-3 (Groundball, 34, EV 83.8 MPH)
Ryan Doss to second
Batting: LHB Willis Robles 0-0: Foul Ball, location: 2F
0-1: Ball
1-1: Swinging Strike
1-2: Strikes out looking
Bottom of the 6th over - 0 runs, 0 hits, 1 error, 1 left on base; Atlanta 0 - San Francisco 7
TOP OF THE 7TH
Atlanta Braves batting - Pitching for San Francisco Giants : RHP Ted Mosley
Batting: LHB Seth Cook 0-0: Fly out, F7 (Flyball, 7D, EV 84.4 MPH)
Batting: RHB Danny Miramontes 0-0: Called Strike
0-1: Ball
1-1: Swinging Strike
1-2: SINGLE (Groundball, 6D, EV 101.3 MPH)
Batting: LHB Colin Worthington 0-0: Ball
1-0: Fielders Choice at 2nd, 5-4 (Groundball, 56, EV 85.6 MPH)
Batting: RHB Danny Anderson 0-0: Called Strike
0-1: Foul Ball, location: 2F
0-2: Fly out, F9 (Flyball, 89S, EV 86.9 MPH)
Top of the 7th over - 0 runs, 1 hit, 0 errors, 1 left on base; Atlanta 0 - San Francisco 7
BOTTOM OF THE 7TH
San Francisco Giants batting - Pitching for Atlanta Braves : RHP Victor Munoz
Pinch Hitting: RHB Nate Hodson 0-0: Fly out, F5 (Popup, 5L, EV 73.8 MPH)
Batting: RHB Jim Zucco 0-0: Ball
1-0: Ball
2-0: Foul Ball, location: 2F
2-1: Ball
3-1: Base on Balls
Batting: RHB Nick Rigden 0-0: Foul Ball, location: 2F
0-1: Foul Ball, location: 2F
0-2: Ball
1-2: Ball
2-2: SINGLE (Line Drive, 78M, EV 107.5 MPH)
Jim Zucco to second
Batting: RHB Ray Llewellyn 0-0: Fly out, F8 (Flyball, 89M, EV 90.6 MPH)
Batting: RHB Xavier Castellanos 0-0: Called Strike
0-1: Foul Ball, location: 2F
0-2: Strikes out looking
Bottom of the 7th over - 0 runs, 1 hit, 0 errors, 2 left on base; Atlanta 0 - San Francisco 7
TOP OF THE 8TH
Atlanta Braves batting - Pitching for San Francisco Giants : RHP Ted Mosley
Pitching: RHP Josh Lister
Now at 2B: Nate Hodson
Batting: RHB Kanehisa Kubo 0-0: Ball
1-0: Ball
2-0: Called Strike
2-1: SOLO HOME RUN (Flyball, 7D, EV 96.3 MPH), Distance : 370 ft
Batting: RHB Liangde Li 0-0: Called Strike
0-1: Ball
1-1: Swinging Strike
1-2: Strikes out swinging
Batting: RHB Tom Beckman 0-0: Called Strike
0-1: Swinging Strike
0-2: Foul Ball, location: 2F
0-2: Ball
1-2: Foul Ball, location: 2F
1-2: Strikes out swinging
Batting: LHB Tom Best 0-0: Ball
1-0: Ball
2-0: Foul Ball, location: 2F
2-1: Swinging Strike
2-2: SINGLE (Groundball, 34D, EV 96.3 MPH)
Batting: RHB Butch Kaiser 0-0: Ball
1-0: Foul Ball, location: 2F
1-1: Called Strike
1-2: Strikes out swinging
Top of the 8th over - 1 run, 2 hits, 0 errors, 1 left on base; Atlanta 1 - San Francisco 7
BOTTOM OF THE 8TH
San Francisco Giants batting - Pitching for Atlanta Braves : RHP Victor Munoz
Batting: RHB Jason May 0-0: Ball
1-0: Swinging Strike
1-1: Foul Ball, location: 2F
1-2: Strikes out swinging
Batting: SHB Ryan Doss 0-0: Ball
1-0: Ball
2-0: Ball
3-0: Base on Balls
Pitching: RHP Larry Stegall
Batting: LHB Jack Henningar 0-0: Ball
Ryan Doss steals 2nd base
1-0: Swinging Strike
1-1: Foul Ball, location: 2F
1-2: Foul Ball, location: 2F
1-2: SINGLE (Groundball, 6, EV 106.3 MPH) (infield hit)
Ryan Doss to third
Batting: LHB Willis Robles 0-0: Ball
1-0: Ball
2-0: Called Strike
2-1: Foul Ball, location: 2F
2-2: Strikes out swinging
Batting: RHB Nate Hodson 0-0: Called Strike
Jack Henningar is caught stealing 2nd base 2-4
Bottom of the 8th over - 0 runs, 1 hit, 0 errors, 1 left on base; Atlanta 1 - San Francisco 7
TOP OF THE 9TH
Atlanta Braves batting - Pitching for San Francisco Giants : RHP Josh Lister
Batting: LHB Seth Cook 0-0: Called Strike
0-1: Ground out 6-3 (Groundball, 56D, EV 108.1 MPH)
Batting: RHB Danny Miramontes 0-0: Called Strike
0-1: Ball
1-1: Ball
2-1: Swinging Strike
2-2: Strikes out looking
Batting: LHB Colin Worthington 0-0: Called Strike
0-1: Swinging Strike
0-2: Strikes out swinging
Top of the 9th over - 0 runs, 0 hits, 0 errors, 0 left on base; Atlanta 1 - San Francisco 7
Thursday, March 31st , 2022 - OOTP Baseball 22.12 Build 89